 Dungeon Crawl Stone Soup version 0.29.1-15-g9cfb28693d (webtiles) character file.

Game seed: 6568026103187097248

469 386 the Covered (level 6, -14/56 HPs)
             Began as a Minotaur Fighter on Mar 21, 2023.
             Was an Initiate of Cheibriados.
             Killed from afar by an acid dragon (26 damage)
             ... with a splash of acid
             ... on level 5 of the Dungeon.
             The game lasted 00:10:56 (3326 turns).

386 the Covered (Minotaur Fighter)                  Turns: 3326, Time: 00:10:57

Health: -14/56     AC:  3    Str: 22    XL:     6   Next: 82%
Magic:  5/5        EV:  7    Int:  6    God:    Cheibriados [......]
Gold:   268        SH:  5    Dex: 12    Spells: 5/5 levels left

rFire   . . .      SeeInvis .   a - +0 war axe
rCold   . . .      Faith    .   c - +0 buckler
rNeg    . . .      Spirit   .   k - +0 chain mail
rPois   .          Reflect  .   (helmet restricted)
rElec   .          Harm     .   (no cloak)
rCorr   .          Rampage  .   (no gloves)
Will    +....                   l - +0 pair of boots
Stlth   ..........              (no amulet)
HPRegen 0.18/turn               h - +4 ring of protection
MPRegen 0.09/turn               q - ring of willpower

@: corroded, very slow
A: horns 2, retaliatory headbutt
a: Renounce Religion


You were on level 5 of the Dungeon.
You worshipped Cheibriados.
Cheibriados was noncommittal.
You visited 2 branches of the dungeon, and saw 6 of its levels.

You collected 268 gold pieces.

Inventory:

Hand Weapons
 a - a +0 war axe (weapon)
 f - a +4 spear of flaming
Missiles
 m - 6 javelins
 o - a throwing net
 v - 5 poisoned darts (quivered)
Armour
 b - a +0 scale mail
 c - a +0 buckler (worn)
 k - a +0 chain mail (worn)
 l - a +0 pair of boots (worn)
Jewellery
 h - a +4 ring of protection (left hand)
 q - a ring of willpower (right hand)
Wands
 r - a wand of acid (20)
 y - a wand of iceblast (2)
Scrolls
 i - 2 scrolls of identify {unknown}
 j - 2 scrolls of teleportation {unknown}
 n - a scroll of poison {unknown}
 p - 2 scrolls of blinking {unknown}
 t - a scroll of enchant armour {unknown}
 u - 2 scrolls of vulnerability {unknown}
 w - a scroll of fear {unknown}
Potions
 d - a potion of might
 e - a potion of attraction {unknown}
 g - a potion of heal wounds {unknown}
 s - 2 potions of curing {unknown}
 x - 4 potions of magic {unknown}
 z - a potion of mutation {unknown}
 A - a potion of degeneration {unknown}
 B - a potion of berserk rage {unknown}


   Skills:
 + Level 5.5 Fighting
 + Level 4.8 Axes
 + Level 5.6 Armour
 + Level 5.6 Shields


You had 5 spell levels left.
You didn't know any spells.
Your spell library contained the following spells:

 Spells                   Type           Power      Damage    Failure   Level
 Apportation              Tloc           0%         N/A       99%         1
 Freeze                   Ice            0%         1d3       99%         1
 Slow                     Hex            0%         N/A       99%         1
 Confusing Touch          Hex            0%         N/A       100%        3
 Frozen Ramparts          Ice            0%         1d1       100%        3
 Vampiric Draining        Necr           0%         2d6       100%        3
 Hailstorm                Conj/Ice       0%         3d3       100%        4
 Alistair's Intoxication  Tmut/Pois      0%         N/A       100%        5
 Chain Lightning          Conj/Air       0%         N/A       100%        9
 Fire Storm               Conj/Fire      0%         5d1       100%        9
 Shatter                  Erth           0%         3d5*      100%        9


Dungeon Overview and Level Annotations

Branches:
Dungeon (5/15)             Temple (1/1) D:5

Altars:
Ashenzari
Cheibriados
Elyvilon
Fedhas
Gozag
Hepliaklqana
Kikubaaqudgha
Makhleb
Nemelex Xobeh
Qazlal
Ru
Sif Muna
Trog
Vehumet
Wu Jian
Yredelemnul
Zin
The Shining One


Innate Abilities, Weirdness & Mutations

You have a pair of horns on your head.
You reflexively headbutt those who attack you in melee.


Message History

You slash the orc!
You kill the orc!
Cheibriados appreciates the change of pace.
The orc hits you with a +0 mace.
Items here: )))) †.
You hit the orc. Your headbutt misses the orc.
The orc is heavily wounded.
You block the orc's attack.
You hit the orc.
The orc is severely wounded.
The orc hits you with a +0 mace.
You barely miss the orc.
The orc is severely wounded.
You block the orc's attack. The orc hits you but does no damage.
You barely miss the orc. You headbutt the orc.
You kill the orc!
Cheibriados appreciates the change of pace.
No target in view!
Things that are here:
a +0 mace; an orc corpse
Items here: )))) †.
Okay, then.
Found a stone staircase leading down.
An acid dragon comes into view.
The acid dragon roars!
The acid dragon spits acid at you. The splash of acid hits you!!
The acid corrodes you!
A scorpion comes into view.
The acid dragon spits acid at you. The splash of acid hits you!
The acid corrodes you!
You hear a bellow!
You see here a +0 lajatang.
The acid dragon spits acid at you. The splash of acid hits you!
* * * LOW HITPOINT WARNING * * *
The acid corrodes you!
There is a stone staircase leading up here.
The acid dragon spits acid at you. The splash of acid hits you!!
You die...

..##...........#..##..§§..
#.............##..##.....♣ .
#.#..................._..♣♣.
.................#............
...##.....P.P.D).#...##.......
..........>.....[#..##..≈≈...
#.#......P.P....†#......≈≈...
#................)#)).......#
#.....<...#.@......##.....###
#.........##......<####.###
#.........##............#
#...<..........##########
##........^....#
##............# ##############


You could see an acid dragon (catching breath).

Vanquished Creatures
  An ogre (D:4)
  2 necrophages (D:4)
  A howler monkey (D:4)
  An orc priest (D:4)
  Ijyb (D:3)
  2 iguanas
  4 adders
  A worm (D:2)
  2 dart slugs (D:3)
  10 orcs
  5 endoplasms
  4 giant cockroaches
  10 hobgoblins
  3 jackals (D:1)
  A quokka (D:4)
  5 ball pythons
  2 bats
  2 frilled lizards (D:2)
  5 goblins
  5 kobolds
  11 rats
78 creatures vanquished.

Vanquished Creatures (others)
  3 plants (D:1)
3 creatures vanquished.

Grand Total: 81 creatures vanquished

Notes
Turn   | Place    | Note
-------+----------+-------------------------------------------
     0 | D:1      | 386 the Minotaur Fighter began the quest for the Orb.
     0 | D:1      | Reached XP level 1. HP: 19/19 MP: 0/0
   185 | D:1      | Reached XP level 2. HP: 27/27 MP: 1/1
   286 | D:1      | Found a faded altar of an unknown god.
   687 | D:2      | Reached XP level 3. HP: 31/33 MP: 2/2
  1338 | D:3      | Found a blossoming altar of Fedhas.
  1368 | D:3      | Found a sparkling altar of Nemelex Xobeh.
  1501 | D:3      | Noticed Ijyb
  1509 | D:3      | Killed Ijyb
  1510 | D:3      | Reached XP level 4. HP: 40/41 MP: 3/3
  2233 | D:4      | Noticed a necrophage
  2248 | D:4      | Killed a necrophage
  2249 | D:4      | Reached XP level 5. HP: 34/47 MP: 4/4
  2424 | D:4      | Found a stormy altar of Qazlal.
  2461 | D:4      | Reached skill level 5 in Armour
  2482 | D:4      | Noticed an ogre
  2508 | D:4      | Killed an ogre
  2509 | D:4      | Reached skill level 5 in Fighting
  2509 | D:4      | Reached skill level 5 in Shields
  2509 | D:4      | Reached XP level 6. HP: 56/56 MP: 5/5
  3134 | D:5      | Entered Level 5 of the Dungeon
  3134 | D:5      | Found a staircase to the Ecumenical Temple.
  3141 | Temple   | Entered the Ecumenical Temple
  3189 | Temple   | Became a worshipper of Cheibriados the Contemplative
  3208 | D:5      | Found an ornate altar of the Wu Jian Council.
  3308 | D:5      | Noticed an acid dragon
  3326 | D:5      | Killed from afar by an acid dragon

Illustrated notes

Levels and vault maps discovered:
D:1:      dpeg_arrival_pits, layout_rooms,
          hellmonk_ecumenical_altar_leap_of_faith, minmay_misc_feat_five,
          serial_bayou_lagoon_b
D:2:      layout_rooms
D:3:      layout_loops_corners, nicolae_overflow_crystal_walls,
          mainiacjoe_overflow_alcove_2, kennysheep_pointless_box, uniq_ijyb
D:4:      layout_loops_ring, mainiacjoe_overflow_paths, st_stairs_8,
          serial_park_tiny_pond
D:5:      nicolae_cairo_tiling_large_dashed, layout_rooms,
          nicolae_wu_jian_wuxing_cycle, overflow_temple_1_default,
          minmay_temple_entry_trees, ebering_ghost_sewer_f,
          minmay_misc_feat_room
Temple:   nicolae_temple_ecumenical_triangle

Skill      XL: |  1  2  3  4  5 |
---------------+----------------+-----
Shields        | 4 5 |  5.6
Armour         | 4 5 |  5.6
Fighting       | 4 5 |  5.5
Axes           | 3 4 |  4.8

Action                   |  1- 3 |  4- 6 || total
-------------------------+-------+-------++-------
Melee: War axe           |    89 |    92 ||   181
       Headbutt          |    11 |    11 ||    22
Throw: Dart              |       |     6 ||     6
Armor: Scale mail        |    17 |       ||    17
       Chain mail        |    18 |    43 ||    61
Dodge: Dodged            |    24 |    34 ||    58
Block: Buckler           |    17 |    18 ||    35
